 Dungeon Crawl Stone Soup version bcrawl-1.28 (webtiles) character file.

Game seed: 6882406932328240410

141619 MisterOstroum the Bolt Thrower (level 4, -1/28 HPs)
             Began as a Skeleton Arcane Marksman on Nov 21, 2020.
             Slain by a bullfrog skeleton (2 damage)
             ... on level 3 of the Dungeon.
             The game lasted 00:04:06 (2071 turns).

MisterOstroum the Bolt Thrower (SkAM)               Turns: 2071, Time: 00:04:07

Health: -1/28      AC:  3    Str: 17 (18) XL:     4   Next: 71%
Magic:  0/9        EV: 12    Int:  8 (11) God:
Gold:   224        SH:  0    Dex:  8 (9)  Spells: 3/9 levels left

rFire    . . .     SeeInvis .   a - +0 hand crossbow
rCold    + . .     Gourm    .   (no shield)
rNeg     + + +     Faith    .   i - +0 robe (curse)
rPois    ∞         Spirit   +   (no helmet)
rElec    .         Reflect  .   (no cloak)
rCorr    .         Harm     .   j - +0 pair of gloves
MR       .....                  (no boots)
Stlth    +.........             (no amulet)
HPRegen  0.09/turn              (no ring)
MPRegen  0.11/turn              (no ring)

@: no status effects
A: no food or potions, cold resistance 1, deterioration 1, negative energy
resistance 3, torment resistance, unbreathing, magic shield, sturdy frame 1,
spell healing
a: no special abilities


You were on level 3 of the Dungeon.
You were not hungry.

You visited 1 branch of the dungeon, and saw 3 of its levels.

You collected 224 gold pieces.

Inventory:

Hand Weapons
 a - a +0 hand crossbow (weapon)
 b - a +0 dagger
 h - a +0 hand axe
Missiles
 e - 160 bolts (quivered)
 k - 258 arrows
 o - 201 sling bullets
 p - 2 throwing nets {=f!f}
Armour
 c - a +0 robe
 i - a cursed +0 robe (worn)
 j - a +0 pair of gloves (worn)
 q - a +0 pair of boots
Scrolls
 d - a scroll of amnesia {unknown}
 f - 2 scrolls of teleportation {@r3 !r}
 g - a scroll of fear {!r}
 l - a scroll of remove curse {unknown}
 m - 2 scrolls of blinking {unknown}
 n - a scroll of enchant armour {unknown}


   Skills:
 + Level 3.0 Fighting
 * Level 4.1 Crossbows
 - Level 2.0 Dodging
 + Level 1.7 Stealth
 - Level 3.3 Spellcasting
 + Level 3.9 Hexes


You had 3 spell levels left.
You knew the following spells:

 Your Spells              Type           Power        Failure   Level  Hunger
a - Corona                Hex            #......      6%          1    N/A
b - Shackle               Hex            #.......     10%         2    N/A
c - Inner Flame           Hex/Fire       N/A          38%         3    N/A

Your spell library contained the following spells:

 Spells                   Type           Power        Failure   Level  Hunger
 False Image              Hex/Summ       #.......     38%         3    N/A
 Cause Fear               Hex            #.........   52%         4    N/A
 Yara's Violent Unravell  Hex/Tmut       #.........   80%         4    N/A

Dungeon Overview and Level Annotations

Branches:
Dungeon (3/12)

Altars:

Annotations:
D:2 1 runed door, Sigmund


Innate Abilities, Weirdness & Mutations

You do not eat or drink.
You are immune to poison.
Your flesh is cold resistant. (rC+)
Your body sometimes deteriorates upon taking damage.
You are immune to negative energy. (rN+++)
You are immune to unholy pain and torment.
You can survive without breathing.
When hurt, damage is shared between your health and your magic reserves.
Your movements are slightly less encumbered by armour. (ER -2)
Casting spells heals you.


Message History

You see here 187 stones.
An orc is nearby!
Firing (i - inventory. (/) - cycle)
e - 164 bolts (quivered)
Press: ? - help, Shift-Dir - straight line, f - orc
Aim: an orc, wielding a +0 hand axe and wearing a +0 chain mail You shoot a bolt.
The bolt hits the orc!
You kill the orc!
A bullfrog skeleton comes into view.
An orc comes into view. It is wielding a +0 mace.
b - a +0 dagger (weapon)
A rat comes into view.
Casting: Corona (safe; 6% risk of failure)
Confirm with . or Enter, or press ? or * to list all spells.
Aiming: Corona (safe; 6% risk of failure)
Press: ? - help, Shift-Dir - straight line, f - orc
Aim: an orc, wielding a +0 mace and wearing a +0 leather armour (chance to defeat MR: 59%)
You miscast Corona.
You are very lightly contaminated with residual magic.
Your hands glow momentarily.
An orc comes into view. It is wielding a -1 short sword.
The rat closely misses you. The rat closely misses you.
Casting: Corona (safe; 6% risk of failure)
Confirm with . or Enter, or press ? or * to list all spells.
Aiming: Corona (safe; 6% risk of failure)
Press: ? - help, Shift-Dir - straight line, f/p - orc
Aim: an orc, wielding a +0 mace and wearing a +0 leather armour (chance to defeat MR: 59%)
The rat is outlined in light.
The rat completely misses you.
You hit the rat.
You kill the rat!
You hit the orc.
The orc is moderately wounded.
The orc hits you with a cursed +0 mace.
Casting: Corona (safe; 6% risk of failure)
Confirm with . or Enter, or press ? or * to list all spells.
Aiming: Corona (safe; 6% risk of failure)
Press: ? - help, Shift-Dir - straight line, f/p - orc
Aim: an orc, wielding a +0 mace and wearing a +0 leather armour (moderately wounded, chance to defeat MR: 59%)
The orc is outlined in light.
The orc hits you but does no damage.
You hit the orc.
The orc is almost dead.
The orc barely misses you.
You hit the orc.
You kill the orc!
Press: ? - help, v - describe, . - travel, g - get item
Here: an orc, wielding a -1 short sword
Things that are here:
a cursed +0 mace a +0 leather armour; an orc corpse
Casting: Corona (safe; 6% risk of failure)
Confirm with . or Enter, or press ? or * to list all spells.
Aiming: Corona (safe; 6% risk of failure)
Press: ? - help, Shift-Dir - straight line, f - orc
Aim: an orc, wielding a -1 short sword (chance to defeat MR: 59%)
The orc is outlined in light.
The orc hits you with a cursed -1 short sword.
You hit the orc.
The orc is severely wounded.
The orc misses you.
You hit the orc.
You kill the orc!
You barely miss the bullfrog skeleton.
The bullfrog skeleton barely misses you.
The bullfrog skeleton hits you! The bullfrog skeleton hits you.
a - a +0 hand crossbow (weapon)
Casting: Corona (safe; 6% risk of failure)
Confirm with . or Enter, or press ? or * to list all spells.
Aiming: Corona (safe; 6% risk of failure)
Press: ? - help, Shift-Dir - straight line, f - bullfrog skeleton
Aim: a bullfrog skeleton (chance to defeat MR: 54%)
The bullfrog skeleton is outlined in light.
The bullfrog skeleton hits you!
Your body deteriorates!
You feel clumsy.
The bullfrog skeleton barely misses you.
Firing (i - inventory. (/) - cycle)
e - 163 bolts (quivered)
Press: ? - help, Shift-Dir - straight line, f/p - bullfrog skeleton
Aim: a bullfrog skeleton (softly glowing)
You shoot a bolt. The bolt hits the bullfrog skeleton.
The bullfrog skeleton is lightly damaged.
The bullfrog skeleton hits you.
* * * LOW HITPOINT WARNING * * *
Your magical contamination has completely faded away.
Firing (i - inventory. (/) - cycle)
e - 162 bolts (quivered)
Press: ? - help, Shift-Dir - straight line, f/p - bullfrog skeleton
Aim: a bullfrog skeleton (lightly damaged, softly glowing)
You shoot a bolt. The bolt hits the bullfrog skeleton!
The bullfrog skeleton is heavily damaged.
The bullfrog skeleton hits you.
* * * LOW HITPOINT WARNING * * *
The bullfrog skeleton hits you.
* * * LOW HITPOINT WARNING * * *
Firing (i - inventory. (/) - cycle)
e - 161 bolts (quivered)
Press: ? - help, Shift-Dir - straight line, f/p - bullfrog skeleton
Aim: a bullfrog skeleton (heavily damaged, softly glowing)
You shoot a bolt.
The bolt hits the bullfrog skeleton but does no damage.
The bullfrog skeleton is heavily damaged.
The bullfrog skeleton hits you.
You die...

#......##
#.......#
#....(#Z#
#.....#.# #+##
#.....#.####..#
#.....'..))...#
#.....##.###..#
###.####.###Z.#
#. #..##@.# #.
##.##..# #.
#..#..# ##.#..#
##....# +.....#
###..## #.#+#
##.#######
#.#.#
####.......#


You could see a bullfrog skeleton.

Vanquished Creatures
  An orc wizard (D:3)
  A howler monkey zombie (D:3)
  An ooze (D:2)
  2 worms
  5 dart slugs
  4 leopard geckos
  7 orcs (D:3)
  2 goblins
  6 hobgoblins
  7 kobolds
  A quokka (D:1)
  2 ball pythons
  3 bats
  5 frilled lizards
  3 rats
50 creatures vanquished.

Notes
Turn   | Place    | Note
-------+----------+-------------------------------------------
     0 | D:1      | MisterOstroum the Skeleton Arcane Marksman began the quest
                  | for the Orb.
     0 | D:1      | Reached XP level 1. HP: 12/12 MP: 4/4
   287 | D:1      | Reached XP level 2. HP: 8/17 MP: 1/6
   512 | D:1      | Reached skill level 3 in Crossbows
   980 | D:2      | Reached XP level 3. HP: 22/22 MP: 7/7
  1428 | D:2      | Reached skill level 1 in Stealth
  1544 | D:2      | Found a runed door.
  1667 | D:2      | Noticed Sigmund
  1900 | D:3      | Reached XP level 4. HP: 21/27 MP: 7/9
  1910 | D:3      | Learned a level 2 spell: Shackle
  1914 | D:3      | Learned a level 3 spell: Inner Flame
  2023 | D:3      | Reached skill level 4 in Crossbows
  2070 | D:3      | HP: 1/28 [bullfrog skeleton (5)]
  2071 | D:3      | Slain by a bullfrog skeleton

Skill      XL: |  1  2  3  4 |
---------------+-------------+-----
Crossbows      | 3 4 |  4.1
Stealth        | 1 |  1.7
Fighting       | 3 |  3.0
Dodging        | |  2.0
Spellcasting   | |  3.3
Hexes          | |  3.9

Action                   |  1- 3 |  4- 6 || total
-------------------------+-------+-------++-------
Melee: Dagger            |    97 |    24 ||   121
 Fire: Hand crossbow     |    70 |    10 ||    80
 Cast: Corona            |    22 |     8 ||    30
  Use: Scroll            |     2 |       ||     2
 Stab: Sleeping          |     1 |       ||     1
Armor: Robe              |    13 |     5 ||    18
Dodge: Dodged            |    71 |    16 ||    87
